 Dungeon Crawl Stone Soup version 0.27-a0-535-g7eaf864cf9 (console) character file.

Game seed: 14935226041754105238

1363 Gather the Chiller (level 8, -3/50 HPs)
             Began as an Octopode Ice Elementalist on Mar 6, 2021.
             Was a Follower of Elyvilon.
             Shot with an arrow by a centaur (11 damage)
             ... on level 6 of the Dungeon.
             The game lasted 00:30:14 (8677 turns).

Gather the Chiller (Octopode Ice Elementalist)      Turns: 8677, Time: 00:30:14

Health: -3/50      AC:  1    Str:  7    XL:     8   Next: 64%
Magic:  10/13      EV: 14    Int: 18    God:    Elyvilon [*.....]
Gold:   187        SH:  0    Dex: 14    Spells: 3/14 levels left

rFire    + . .     SeeInvis .   b - +0 shortbow
rCold    . . .     Faith    .   (shield currently unavailable)
rNeg     . . .     Spirit   .   (helmet restricted)
rPois    .         Reflect  .   (no amulet)
rElec    .         Harm     .   c - ring of protection from fire
rCorr    .         Rampage  .   C - ring of wizardry
Will     .....                  (no ring)
Stlth    ++++......             (no ring)
HPRegen  0.16/turn              (no ring)
MPRegen  0.13/turn              (no ring)
                                (no ring)
                                (no ring)

@: frozen ramparts
A: almost no armour, amphibious, 8 rings, constrict 8, camouflage 1, gelatinous
body 1, nimble swimmer 1
a: Renounce Religion, Lesser Healing, Divine Protection


You were on level 6 of the Dungeon.
You worshipped Elyvilon.
Elyvilon was aware of your devotion.
You visited 2 branches of the dungeon, and saw 8 of its levels.

You collected 317 gold pieces.
You spent 130 gold pieces at shops.

Inventory:

Hand Weapons
 a - a +1 dagger of venom
 b - a +0 shortbow (weapon)
 e - a +0 club
 f - a +0 spear
 g - a +0 mace
 j - a +0 dagger
 m - a +0 short sword
 r - a +0 falchion
 H - a +0 hunting sling
Missiles
 l - 209 stones
 q - 28 bolts
 t - 5 poisoned darts
 x - 62 arrows (quivered ammo)
 y - 55 sling bullets
 B - 10 boomerangs
Magical Staves
 F - a staff of earth
Jewellery
 c - a ring of protection from fire (left tentacle)
 C - a ring of wizardry (right tentacle)
Wands
 k - a wand of digging (9)
 D - a wand of charming (7)
 G - a wand of mindburst (18)
 J - a wand of paralysis (11)
Scrolls
 o - 4 scrolls of teleportation
 I - a scroll of amnesia {unknown}
 K - a scroll of fog {unknown}
Potions
 d - a potion of cancellation
 h - 2 potions of degeneration
 i - 2 potions of flight
 n - a potion of mutation {unknown}
 p - a potion of magic {unknown}
 s - 3 potions of lignification
 u - 2 potions of curing
 v - 3 potions of haste {unknown}
 w - a potion of heal wounds {unknown}
 z - a potion of attraction {unknown}
 A - a potion of brilliance {unknown}
 E - a potion of berserk rage {unknown}


   Skills:
 - Level 1.8 Fighting
 - Level 2.1 Short Blades
 - Level 3.1 Dodging
 - Level 4.5 Stealth
 - Level 3.9 Spellcasting
 + Level 5.1 Summonings
 + Level 7.2 Ice Magic
 + Level 0.8 Evocations


You had 3 spell levels left.
You knew the following spells:

 Your Spells              Type           Power      Damage    Failure   Level
a - Freeze                Ice            100%       1d11      1%          1
b - Summon Ice Beast      Ice/Summ       25%        N/A       4%          4
i - Ozocubu's Armour      Ice            29%        N/A       1%          3
x - Frozen Ramparts       Ice            58%        1d7       1%          3

Your spell library contained the following spells:

 Spells                   Type           Power      Damage    Failure   Level
 Hailstorm                Conj/Ice       16%        3d6       13%         4


Dungeon Overview and Level Annotations

Branches:
Dungeon (7/15)             Temple (1/1) D:5

Altars:
Ashenzari
Dithmenos
Elyvilon
Fedhas
Hepliaklqana
Kikubaaqudgha
Makhleb
Nemelex Xobeh
Okawaru
Qazlal
Sif Muna
Trog
Uskayaw
Vehumet
Wu Jian
Xom
Yredelemnul
The Shining One

Shops:
D:4 *   D:7 *

Annotations:
D:6 Sigmund


Innate Abilities, Weirdness & Mutations

You cannot wear most types of armour.
You are amphibious.
You can wear up to eight rings at the same time.
You can use your tentacles to constrict eight enemies at once.
Your skin changes colour to match your surroundings (Stealth+).
Your rubbery body absorbs attacks. (AC +1, EV +1)
You are stealthy while swimming. (Stealth+)


Message History

The frozen ramparts melt away.
Your icy armour starts to melt.
Your icy armour cracks and falls away as you move.
x - 60 arrows (gained 1)
Items here: ) [ ††.
J - a wand of paralysis (11);
x - 61 arrows (gained 1)
Things that are here:
a +0 spear; a +0 trident; a +0 ring mail
x - 62 arrows (gained 1)
You see here a gnoll corpse.
K - a scroll labelled KOBECUOSUNN
Found a bloodstained altar of Trog.
There is an entrance to Lykeonut's Assorted Antiques here.
Search for what [Enter for "bow", or ? for help]? ring
Found a shimmering altar of Xom.
There is a stone staircase leading up here.
You climb upwards.
Level annotation: Sigmund A centaur comes into view.
The centaur wields a +0 shortbow.
The centaur shoots an arrow.
The arrow hits you!
The centaur shoots an arrow.
The arrow hits you!
There is a stone staircase leading down here.
The centaur shoots an arrow.
The arrow closely misses you.
A centaur comes into view.
Okay, then.
The centaur shoots an arrow.
The arrow barely misses you.
The centaur wields a +0 shortbow.
The centaur shoots an arrow.
The arrow hits you!
The centaur shoots an arrow.
The arrow hits you!
* * * LOW HITPOINT WARNING * * *
You feel better.
The centaur shoots an arrow.
The arrow hits you!
* * * LOW HITPOINT WARNING * * *
The centaur shoots an arrow.
The arrow misses you.
Casting: Ozocubu's Armour (safe; 1% risk of failure)
Confirm with . or Enter, or press ? or * to list all spells.
Casting: Frozen Ramparts (safe; 1% risk of failure)
Press: ? - help, Dir - look around, f - activate The walls around you are covered in ice.
The wall freezes the adder.
The adder seems to slow down.
The adder bites you.
* * * LOW HITPOINT WARNING * * *
The centaur shoots an arrow.
The arrow hits you!
You die...

..........###
............
...........
.........c####
.............
...........#..<
........Sc.....
#.@# #..
..#.####.###.. #..
.......>.##.. ..#
........@....# #.#
...........#####.#
.........#.@..##.#
.........####..#.#
.........#
###.#.######
.........#
#....>.....#
.........#
#........(.#
#..........#


You could see Sigmund, 2 centaurs and an adder (slow).

Vanquished Creatures
  Prince Ribbit (D:5)
  An orc warrior (D:3)
  A centaur (D:5)
  A scorpion (D:7)
  2 howler monkeys
  3 hounds
  2 jellies
  3 orc priests
  A bullfrog skeleton (D:3)
  An iguana (D:4)
  Natasha (thrice) (D:4)
  5 orc wizards
  A worker ant (D:6)
  A hound zombie (D:5)
  Robin (D:4)
  A howler monkey skeleton (D:5)
  8 adders
  4 gnolls (D:7)
  A shadow imp (D:5)
  An ooze (D:4)
  An adder skeleton (D:4)
  4 worms
  2 dart slugs
  5 leopard geckos
  19 orcs
  2 ball pythons
  6 bats
  6 giant cockroaches
  17 goblins
  12 hobgoblins
  5 jackals
  A quokka (D:3)
  11 frilled lizards
  8 kobolds
  A leopard gecko skeleton (D:4)
  6 rats
148 creatures vanquished.

Vanquished Creatures (collateral kills)
  An ogre (D:5)
1 creature vanquished.

Vanquished Creatures (others)
  2 plants
2 creatures vanquished.

Grand Total: 151 creatures vanquished

Notes
Turn   | Place    | Note
-------+----------+-------------------------------------------
     0 | D:1      | Gather the Octopode Ice Elementalist began the quest for
                  | the Orb.
     0 | D:1      | Reached XP level 1. HP: 11/11 MP: 3/3
   527 | D:1      | Reached XP level 2. HP: 17/17 MP: 1/5
  1609 | D:2      | Reached XP level 3. HP: 21/21 MP: 4/6
  1613 | D:2      | Learned a level 3 spell: Frozen Ramparts
  1717 | D:2      | Reached skill level 5 in Ice Magic
  2397 | D:2      | Reached XP level 4. HP: 27/27 MP: 7/7
  2401 | D:2      | Learned a level 3 spell: Ozocubu's Armour
  3462 | D:3      | Reached skill level 6 in Ice Magic
  3462 | D:3      | Reached XP level 5. HP: 29/31 MP: 1/8
  4697 | D:4      | Noticed Robin
  4869 | D:4      | Killed Robin
  4870 | D:4      | Reached XP level 6. HP: 33/37 MP: 2/9
  5017 | D:4      | Noticed Natasha
  5026 | D:4      | Killed Natasha
  5027 | D:4      | Reached skill level 1 in Fighting
  5135 | D:4      | Noticed Natasha
  5298 | D:4      | Reached skill level 1 in Short Blades
  5330 | D:4      | Killed Natasha
  5389 | D:4      | Noticed an orc warrior
  5620 | D:4      | Noticed Natasha
  5757 | D:3      | Killed an orc warrior
  5758 | D:3      | Reached skill level 7 in Ice Magic
  6041 | D:4      | Reached XP level 7. HP: 41/44 MP: 7/10
  6058 | D:4      | Killed Natasha
  6358 | D:4      | Found Fauvel Riff's Assorted Antiques.
  6522 | D:4      | Bought a brass ring for 130 gold pieces
  6667 | D:5      | Entered Level 5 of the Dungeon
  6796 | D:5      | Noticed Prince Ribbit
  6806 | D:5      | Killed Prince Ribbit
  6829 | D:5      | Learned a level 4 spell: Summon Ice Beast
  7024 | D:5      | Reached XP level 8. HP: 45/50 MP: 6/13
  7027 | D:5      | Reached skill level 1 in Summonings
  7085 | D:5      | Found a staircase to the Ecumenical Temple.
  7131 | Temple   | Entered the Ecumenical Temple
  7238 | Temple   | Became a worshipper of Elyvilon the Healer
  8147 | D:6      | Noticed Sigmund
  8400 | D:7      | Found Lykeonut's Assorted Antiques.
  8448 | D:7      | Reached skill level 5 in Summonings
  8596 | D:7      | Reached * piety under Elyvilon
  8668 | D:7      | Found a bloodstained altar of Trog.
  8671 | D:7      | Found a shimmering altar of Xom.
  8677 | D:6      | Shot with an arrow by a centaur

Illustrated notes

Levels and vault maps discovered:
D:1:      wander_arrival_estate, layout_basic, kennysheep_boxes
D:2:      layout_basic
D:3:      layout_loops_ring, guppyfry_early_orc_mine
D:4:      layout_cave_pools, serial_shops, nicolae_shop_overgrown_old_shop,
          uniq_robin, uniq_natasha
D:5:      layout_basic, minmay_temple_entry_proselytizer,
          kennysheep_generic_room_2, uniq_prince_ribbit1
D:6:      layout_rooms, zin_purify, chequers_decorated_corner,
          nicolae_qazlal_style_of_elements, uniq_sigmund, uniq_blork_the_orc,
          uniq_maggie
D:7:      layout_loops_ring, grunt_temple_overflow_open, serial_shops,
          nicolae_shop_statue_plus
Temple:   lightli_temple_of_artemis

Skill      XL: |  1  2  3  4  5  6  7  8 |
---------------+-------------------------+-----
Ice Magic      | 5 6 7 |  7.2
Stealth        | 3 4 |  4.5
Fighting       | 1 |  1.8
Short Blades   | 1 2 |  2.1
Dodging        | 3 |  3.1
Spellcasting   | 3 |  3.9
Summonings     | 5 |  5.1
Evocations     | |  0.8

Action                   |  1- 3 |  4- 6 |  7- 9 || total
-------------------------+-------+-------+-------++-------
Melee: Unarmed           |     6 |       |       ||     6
       Spear             |     7 |       |       ||     7
       Dagger            |     3 |       |    44 ||    47
       Constrict         |     4 |    18 |    12 ||    34
       Short sword       |     9 |    59 |     5 ||    73
       Tentacles         |     2 |    10 |     9 ||    21
 Fire: Hunting sling     |       |       |    13 ||    13
       Shortbow          |       |       |     8 ||     8
Throw: Boomerang         |       |     2 |       ||     2
       Dart              |       |     6 |       ||     6
 Cast: Freeze            |    38 |    21 |    10 ||    69
       Frozen Ramparts   |     3 |    14 |    19 ||    36
       Ozocubu's Armour  |       |    12 |    19 ||    31
       Summon Ice Beast  |       |       |     2 ||     2
  Use: Scroll            |       |     8 |     2 ||    10
       Potion            |       |       |     1 ||     1
 Stab: Sleeping          |     3 |    10 |     9 ||    22
       Distracted        |     1 |       |       ||     1
Armor: Skin              |     5 |     7 |     8 ||    20
Dodge: Dodged            |    29 |    41 |    44 ||   114

Table legend: (Time is in decaauts)
 A = Elapsed time spent in this place.
 B = Non-inter-level travel time spent in this place.
 C = Inter-level travel time spent in this place.
 D = Time resting spent in this place.
 E = Time spent auto-exploring this place.
 F = Levels seen in this place.
 G = Mean time per level.
                   A        B        C        D        E       F      G
               +--------+--------+--------+--------+--------+-----+--------+
         Total |   8684 |   8340 |    344 |   1382 |   5549 |   8 | 1085.5 |
       Dungeon |   8563 |   8236 |    327 |   1382 |   5449 |   7 | 1223.3 |
        Temple |    121 |    104 |     17 |      0 |    100 |   1 |  121.0 |
               +--------+--------+--------+--------+--------+-----+--------+

Top non-repeatable levels by time:
     D:3: 2351 daAuts
     D:2: 1522 daAuts
     D:1: 1480 daAuts
     D:4: 1322 daAuts
     D:5: 1293 daAuts
     D:7: 516 daAuts
  Temple: 121 daAuts
     D:6: 75 daAuts
